AoeStats
← emre_gul19

Arena

509935966Analyzed
4v4 RM · 2d ago on Sep 28, 2026· 52m 1s· 8 players
Game mode
Random Map
Map size
Large (8 player)
Population
200
Speed
Normal
Resources
Standard
Victory
Conquest
Starting age
Dark Age
Ending age
Imperial Age
RankedLock teamsTeams togetherTeam positionsShared explorationLock speedFull tech treeHidden civsTurbo modeCheats
Victory
Defeat
🇭🇰 Khmer · Hong Kong SAR China
1392
+14
🇬🇷 Britons · Greece
1349
+16
🇮🇳 Franks · India
1341
+16
🇹🇷 Persians · Türkiye
1294
+18
🇧🇷 Vietnamese · Brazil
1399
-19
🇺🇸 Byzantines · United States
1353
-16
🇲🇽 Aztecs · Mexico
1310
-15
🇫🇷 Georgians · France
1303
-14
emre_gul19
6:05 Loom
8:20 Feudal Age
9:48 Wheelbarrow
8:59 Double-Bit Axe
17:02 Castle Age
15:22 Stone Mining
16:14 Horse Collar
17:37 Heavy Plow
22:52 Hand Cart
22:56 Town Watch
24:13 Gold Mining
29:56 Imperial Age
27:30 Padded Archer Armor
28:22 Forging
28:20 Scale Barding Armor
28:05 Fletching
29:06 Husbandry
29:17 Bloodlines
29:53 Iron Casting
29:54 Kamandaran
29:48 Crossbowman
30:52 Conscription
30:39 Thumb Ring
31:54 Stone Shaft Mining
31:54 Gold Shaft Mining
32:30 Chemistry
32:07 Leather Archer Armor
32:04 Bow Saw
32:35 Crop Rotation
32:47 Chain Barding Armor
32:30 Bodkin Arrow
33:19 Ballistics
33:06 Scale Mail Armor
34:06 Blast Furnace
33:27 Town Patrol
35:19 Chain Mail Armor
35:37 Ring Archer Armor
34:49 Pikeman
35:30 Squires
35:15 Gambesons
35:16 Arson
38:44 Plate Mail Armor
38:49 Plate Barding Armor
37:52 Light Cavalry
38:59 Elite War Elephant
40:45 Plate Barding Armor
44:45 Hussar
Zzulu
10:47 Feudal Age
15:01 Castle Age
13:35 Double-Bit Axe
13:47 Horse Collar
24:30 Bow Saw
25:34 Loom
29:00 Imperial Age
26:27 Fletching
27:16 Bodkin Arrow
28:56 Padded Archer Armor
35:09 Onager
36:28 Gold Mining
36:20 Elite Longbowman
37:24 Yeomen
37:49 Wheelbarrow
38:25 Conscription
38:38 Ballistics
39:18 Chemistry
38:25 Siege Engineers
38:25 Bracer
38:42 Leather Archer Armor
40:22 Masonry
40:44 Ring Archer Armor
40:14 Scale Mail Armor
40:25 Forging
45:07 Elite Skirmisher
45:48 Stone Mining
48:25 Architecture
49:26 Warwolf
Maverick
10:17 Feudal Age
14:01 Castle Age
12:14 Double-Bit Axe
15:27 Bow Saw
19:45 Loom
21:34 Wheelbarrow
28:25 Imperial Age
26:08 Gold Mining
27:10 Fletching
27:25 Scale Barding Armor
27:10 Light Cavalry
35:07 Cavalier
36:18 Husbandry
36:42 Chain Barding Armor
36:33 Forging
38:14 Plate Barding Armor
39:17 Iron Casting
38:48 Paladin
39:41 Chivalry
48:49 Blast Furnace
虫
10:51 Feudal Age
11:01 Feudal Age
14:16 Castle Age
12:29 Double-Bit Axe
12:38 Horse Collar
15:15 Bow Saw
15:23 Heavy Plow
22:05 Wheelbarrow
23:42 Hand Cart
27:46 Imperial Age
25:01 Loom
25:26 Gold Mining
25:26 Stone Mining
25:53 Town Watch
26:25 Fortified Wall
26:36 Ballistics
27:02 Town Patrol
28:38 Gold Shaft Mining
28:38 Stone Shaft Mining
29:33 Chemistry
29:32 Husbandry
29:43 Bloodlines
28:54 Light Cavalry
31:26 Conscription
31:27 Forging
31:25 Scale Barding Armor
31:34 Hussar
33:26 Iron Casting
33:12 Chain Barding Armor
34:32 Plate Barding Armor
33:22 Heavy Scorpion
35:19 Double Crossbow
35:47 Siege Engineers
35:49 Capped Ram
39:47 Siege Ram
42:12 Blast Furnace
45:38 Coinage
45:08 Caravan
46:00 Padded Archer Armor
45:50 Fletching
48:26 Leather Archer Armor
48:06 Bodkin Arrow
clem3613
10:36 Feudal Age
14:43 Castle Age
12:35 Double-Bit Axe
15:51 Bow Saw
17:18 Horse Collar
24:18 Gold Mining
24:25 Stone Mining
25:28 Heavy Plow
26:37 Stone Shaft Mining
26:41 Wheelbarrow
29:38 Imperial Age
27:51 Scale Mail Armor
28:02 Forging
28:36 Pikeman
29:16 Squires
29:02 Arson
29:46 Chain Mail Armor
30:06 Iron Casting
30:06 Ballistics
29:47 Halberdier
30:28 Guard Tower
30:35 Murder Holes
31:41 Chemistry
30:52 Masonry
31:30 Svan Towers
31:48 Conscription
32:22 Keep
31:33 Arrowslits
31:31 Treadmill Crane
31:54 Onager
34:01 Plate Mail Armor
35:13 Blast Furnace
35:06 Siege Engineers
35:32 Architecture
36:09 Fletching
35:51 Siege Onager
39:59 Bodkin Arrow
42:39 Bracer
neto_leo15
0:30 Loom
11:44 Feudal Age
17:24 Castle Age
16:38 Double-Bit Axe
17:11 Gold Mining
18:48 Pikeman
20:28 Fervor
21:58 Sanctity
23:23 Redemption
33:04 Horse Collar
33:38 Bow Saw
33:34 Stone Mining
33:55 Heavy Plow
34:54 Stone Shaft Mining
35:07 Atonement
41:57 Imperial Age
40:33 Eagle Warrior
41:28 Forging
41:37 Squires
43:16 Iron Casting
42:41 Scale Mail Armor
42:05 Elite Eagle Warrior
43:13 Conscription
43:14 Garland Wars
43:35 Crop Rotation
43:57 Gold Shaft Mining
43:14 Arson
44:22 Town Watch
45:13 Wheelbarrow
xLucky900
11:23 Feudal Age
14:58 Castle Age
12:52 Double-Bit Axe
12:47 Horse Collar
16:01 Bow Saw
15:52 Heavy Plow
16:27 Wheelbarrow
21:06 Hand Cart
24:26 Stone Mining
24:27 Gold Mining
27:35 Imperial Age
24:52 Loom
26:21 Stone Shaft Mining
26:50 Gold Shaft Mining
26:22 Scale Barding Armor
26:27 Forging
28:03 Husbandry
28:24 Chain Barding Armor
28:29 Scale Mail Armor
29:06 Iron Casting
28:18 Elite Cataphract
29:15 Caravan
30:15 Conscription
29:56 Treadmill Crane
30:53 Plate Barding Armor
31:21 Logistica
31:38 Fletching
32:10 Ballistics
32:17 Squires
31:38 Pikeman
33:10 Gambesons
33:53 Chain Mail Armor
35:07 Crop Rotation
35:38 Two-Man Saw
36:01 Plate Mail Armor
35:53 Elite Varangian Guard
36:18 Arson
37:55 Two-Man Saw
37:49 Capped Ram
39:33 Siege Ram
41:00 Bodkin Arrow
41:21 Halberdier
43:09 Coinage
45:32 Chemistry
Karzul
10:47 Feudal Age
14:33 Castle Age
12:41 Double-Bit Axe
13:13 Horse Collar
16:55 Bow Saw
18:01 Loom
20:53 Wheelbarrow
28:06 Imperial Age
25:47 Fletching
26:11 Gold Mining
26:22 Heavy Plow
26:41 Town Watch
27:57 Ballistics
27:33 Bodkin Arrow
28:58 Hand Cart
29:56 Chemistry
29:28 Bracer
29:40 Masonry
29:53 Padded Archer Armor
31:22 Leather Archer Armor
34:58 Elite Rattan Archer
36:04 Paper Money
36:30 Ring Archer Armor
35:24 Elite Skirmisher
37:14 Imperial Skirmisher
38:19 Bombard Tower
39:12 Paper Money
39:26 Crop Rotation
39:57 Two-Man Saw
39:38 Siege Engineers
45:28 Scale Mail Armor
45:38 Forging
44:49 Pikeman
45:29 Squires
45:17 Halberdier
46:45 Fortified Wall
47:29 Chain Mail Armor
47:50 Iron Casting
49:25 Plate Mail Armor
Connection lost

Rejoining the realm…

Still unreachable

The connection could not be restored.

Session expired

The server has moved on; the page needs a fresh start.